 Dungeon Crawl Stone Soup version 0.28.0-49-g6dfe1f597d (webtiles) character file.

Game seed: 2089296516434918930

79 Ethylacetat the Cudgeller (level 4, 0/42 HPs)
             Began as a Naga Cinder Acolyte on May 19, 2022.
             Was a High Priest of Ignis.
             Slain by a white imp (3 damage)
             ... summoned by Natasha
             ... on level 2 of the Dungeon.
             The game lasted 00:07:34 (1253 turns).

Ethylacetat the Cudgeller (Naga Cinder Acolyte)     Turns: 1253, Time: 00:07:34

Health: 0/42       AC:  2    Str: 16    XL:     4   Next: 38%
Magic:  6/6        EV:  9    Int: 17    God:    Ignis [*****.]
Gold:   69         SH:  0    Dex:  6    Spells: 6/6 levels left

rFire   + . .      SeeInvis +   a - -1 mace (flame)
rCold   + . .      Faith    .   (no shield)
rNeg    . . .      Spirit   .   b - +0 robe
rPois   +          Reflect  .   (no helmet)
rElec   .          Harm     .   (no cloak)
rCorr   .          Rampage  .   (no gloves)
Will    .....                   (no barding)
Stlth   +.........              (no amulet)
HPRegen 0.14/turn               c - ring of protection from cold
MPRegen 0.10/turn               (no ring)

@: short of breath, very slow
A: AC +1, large, see invisible, deformed body, poison resistance, slowness 2,
spit poison 1, naga tail 1
a: Spit Poison, Renounce Religion, Fiery Armour, Foxfire Swarm, Rising Flame


You were on level 2 of the Dungeon.
You worshipped Ignis.
Ignis was extremely pleased with you.
You visited 1 branch of the dungeon, and saw 2 of its levels.

You collected 69 gold pieces.

Inventory:

Hand Weapons
 a - a -1 mace of flaming (weapon)
Missiles
 d - 20 arrows
Armour
 b - a +0 robe (worn)
Jewellery
 c - a ring of protection from cold (left hand)
Potions
 e - a potion of mutation {unknown}


   Skills:
 + Level 3.5 Fighting
 + Level 3.6 Maces & Flails
 + Level 1.9 Spellcasting
 + Level 3.6 Fire Magic


You had 6 spell levels left.
You didn't know any spells.
Your spell library contained the following spells:

 Spells                   Type           Power      Damage    Failure   Level
 Scorch                   Fire           26%        2d6       7%          2


Dungeon Overview and Level Annotations

Branches:
Dungeon (2/15)

Altars:

Annotations:
D:2 Natasha


Innate Abilities, Weirdness & Mutations

Your serpentine skin is tough. (AC +1)
You have supernaturally acute eyesight. (SInv)
Armour fits poorly on your strangely shaped body.
Your system is resistant to poisons. (rPois)
You cover ground very slowly.
You can spit poison.
You have a snake-like lower body.


Message History

The white imp gestures at you. The puff of frost hits you. You resist.
The crimson imp blinks!
The white imp gestures at you. The puff of frost misses you.
The crimson imp hits you.
The white imp shouts, "Crawl home, thou unmuzzled hasty-witted cross-patch!"
Found a stone staircase leading down.
Found a scroll labelled SEDATE TOSIA.
The white imp shouts, "Out, out, thou obnoxious limp-willed joithead!"
The crimson imp hits you.
Aiming: Spit Poison (1% risk of failure)
Press: ? - help, Shift-Dir - straight line, f/p - Natasha
Aim: Natasha (50% to hit)
You fail to use your ability.
The crimson imp hits you.
You miss Natasha.
The white imp disappears in a puff of smoke!
Natasha claws you but does no damage. The crimson imp barely misses you.
You hit Natasha. You burn Natasha.
Natasha is lightly wounded.
Natasha claws you but does no damage. The crimson imp hits you. x2
Natasha claws you.
You closely miss Natasha.
Natasha is lightly wounded.
The crimson imp disappears in a puff of smoke!
Natasha claws you.
* * * LOW HITPOINT WARNING * * *
Unknown command.
Aiming: Spit Poison (1% risk of failure)
Press: ? - help, Shift-Dir - straight line, f/p - Natasha
Aim: Natasha (50% to hit)
The splash of poison misses Natasha.
The white imp hits you.
* * * LOW HITPOINT WARNING * * *
The white imp freezes you. You resist.
* * * LOW HITPOINT WARNING * * *
Natasha claws you.
* * * LOW HITPOINT WARNING * * *
You hit Natasha. You burn Natasha.
Natasha is moderately wounded.
The white imp hits you.
You die...

..#......#..........#
...
########.#.#..#.#...#
#.# . .#.#....#...#
#b# #
##.#..###...###.#
##.###......<#
#..##.......#
##.##.......#
#h5##.###### ##@##
#........# #.#.#....#
#. .. ...# #. #.. .?#
#. .>. .# #. #... #
#. ....


You could see Natasha and a white imp (summoned).

Vanquished Creatures
  Natasha (D:2)
  An adder (D:1)
  A dart slug (D:1)
  3 endoplasms
  2 giant cockroaches (D:1)
  4 goblins
  6 hobgoblins (D:1)
  4 jackals
  2 quokkas (D:1)
  4 ball pythons (D:1)
  4 bats
  5 frilled lizards
  A kobold (D:1)
  A rat (D:1)
39 creatures vanquished.

Notes
Turn   | Place    | Note
-------+----------+-------------------------------------------
     0 | D:1      | Ethylacetat the Naga Cinder Acolyte began the quest for the
                  | Orb.
     0 | D:1      | Reached XP level 1. HP: 21/21 MP: 2/2
    97 | D:1      | Reached XP level 2. HP: 26/28 MP: 3/3
   267 | D:1      | Reached XP level 3. HP: 30/34 MP: 5/5
   831 | D:2      | Noticed Natasha
   932 | D:2      | Killed Natasha
   933 | D:2      | Reached XP level 4. HP: 7/42 MP: 6/6
  1234 | D:2      | Noticed Natasha
  1252 | D:2      | HP: 2/42 [Natasha (5)]
  1253 | D:2      | Slain by a white imp

Illustrated notes

Levels and vault maps discovered:
D:1:      lemuel_arrival_lava_pool, layout_loops_ring
D:2:      layout_basic, uniq_natasha

Action                   |  1- 3 |  4- 6 || total
-------------------------+-------+-------++-------
Melee: Mace              |    62 |    16 ||    78
 Abil: Spit Poison       |    27 |     5 ||    32
  Use: Potion            |     2 |       ||     2
       Scroll            |     1 |       ||     1
Armor: Robe              |    14 |    12 ||    26
Dodge: Dodged            |    48 |    19 ||    67
